 Dungeon Crawl Stone Soup version 0.30-a0-358-g0d69a1922f (webtiles) character file.

Game seed: 13634407264624024408

34497 retardedninja the Severer (level 13, -6/186 HPs)
             Began as a Hill Orc Fighter on Nov 9, 2022.
             Was an Initiate of Gozag.
             Mangled by a 20-headed hydra (12 damage)
             ... on level 4 of the Lair of Beasts on Nov 10, 2022.
             The game lasted 00:27:01 (21070 turns).

retardedninja the Severer (Hill Orc Fighter)       Turns: 21070, Time: 00:27:02

Health: -6/186     AC: 26    Str: 30    XL:     13   Next: 77%
Magic:  13/13      EV:  2    Int:  8    God:    Gozag
Gold:   2644       SH:  7    Dex: 10    Spells: 12/12 levels left

rFire   . . .      SeeInvis .    a - +3 war axe (spect)
rCold   . . .      Faith    .    c - +0 buckler
rNeg    . . .      Spirit   .    (body armour currently unavailable)
rPois   +          Reflect  .    (helmet currently unavailable)
rElec   .          Harm     .    (cloak currently unavailable)
rCorr   .          Rampage  .    (gloves currently unavailable)
Will    .....      NoTele   +    (boots currently unavailable)
Stlth   +.........               (no amulet)
HPRegen 0.51/turn                p - +6 ring of strength
MPRegen 0.13/turn                (no ring)

@: tree-form, gold aura
A: stationary, stasis, torment immunity, boosted hp
a: Renounce Religion, Potion Petition, Call Merchant, Bribe Branch


You were on level 4 of the Lair of Beasts.
You worshipped Gozag.
Gozag was most pleased with you.
You were a tree.
You visited 3 branches of the dungeon, and saw 15 of its levels.
You also visited: Sewer.

You collected 2774 gold pieces.
You paid 130 gold pieces to Gozag.

Inventory:

Hand Weapons
 a - a +3 spectral war axe (weapon)
Armour
 c - a +0 buckler (worn)
 f - a +0 pair of boots (melded)
 r - a +2 plate armour (melded)
 v - a +1 cloak (melded)
 w - a +1 pair of gloves (melded)
 F - a +0 helmet (melded)
Jewellery
 g - an amulet of magic regeneration
 p - a +6 ring of strength (left branch)
 D - a ring of ice
 G - a ring of see invisible
Wands
 n - a wand of charming (10)
 y - a wand of iceblast (28)
 B - a wand of polymorph (13)
 H - a wand of flame (7)
 I - a wand of mindburst (9)
Scrolls
 h - 3 scrolls of noise
 i - 2 scrolls of blinking
 j - 4 scrolls of teleportation
 k - 4 scrolls of identify
 m - 2 scrolls of amnesia
 t - a scroll of immolation
 x - 3 scrolls of vulnerability
 z - a scroll of fog
 E - a scroll of fear
Potions
 d - 2 potions of cancellation
 e - a potion of attraction
 l - 2 potions of mutation
 o - 2 potions of brilliance
 q - 3 potions of resistance
 s - 3 potions of curing
 u - a potion of lignification
 A - 2 potions of ambrosia
 C - 4 potions of flight


   Skills:
 + Level 14.1 Fighting
 + Level 16.0 Axes
 + Level 13.1 Armour
 + Level 13.0 Shields


You had 12 spell levels left.
You didn't know any spells.
Your spell library contained the following spells:

 Spells                   Type           Power      Damage    Failure   Level
 Apportation              Tloc           0%         N/A       45%         1
 Necrotise                Necr           0%         1d4       45%         1
 Summon Small Mammal      Summ           0%         N/A       45%         1
 Cigotuvi's Dreadful Rot  Necr/Pois/Air  0%         N/A       58%         2
 Dazzling Flash           Conj/Hex       0%         N/A       83%         3
 Gell's Gravitas          Tloc           0%         N/A       83%         3
 Lesser Beckoning         Tloc           0%         N/A       83%         3
 Stone Arrow              Conj/Erth      0%         3d7       83%         3
 Teleport Other           Tloc           0%         N/A       83%         3
 Animate Armour           Summ/Erth      0%         N/A       99%         4
 Dispel Undead            Necr           0%         3d6       99%         4
 Agony                    Necr           0%         N/A       100%        5
 Blade Hands              Tmut           0%         N/A       100%        5
 Irradiate                Conj/Tmut      0%         3d11      100%        5
 Iskenderun's Battlesphe  Conj           0%         2d6       100%        5
 Silence                  Hex/Air        0%         N/A       100%        5
 Death Channel            Necr           0%         N/A       100%        6
 Dispersal                Tloc           0%         N/A       100%        6
 Iron Shot                Conj/Erth      0%         9d1       100%        6
 Dragon Form              Tmut           0%         N/A       100%        7
 Spellforged Servitor     Conj/Summ      0%         N/A       100%        7
 Lehudib's Crystal Spear  Conj/Erth      0%         10d2      100%        8


Dungeon Overview and Level Annotations

Branches:
Dungeon (10/15)            Temple (1/1) D:6            Lair (4/5) D:8
  Swamp (0/4) Lair:2       Spider (0/4) Lair:3        Sewer (visited)
  Slime: Lair:4-5       Orc: D:9-12

Altars:
Ashenzari
Cheibriados
Dithmenos
Elyvilon
Fedhas
Gozag
Hepliaklqana
Kikubaaqudgha
Makhleb
Nemelex Xobeh
Okawaru
Qazlal
Ru
Sif Muna
Trog
Uskayaw
Vehumet
Wu Jian
Xom
Yredelemnul
Zin
The Shining One

Shops:
D:5 *   D:6 :


Message History

The 20-headed hydra bites you!
* * * LOW HITPOINT WARNING * * *
The 20-headed hydra bites you.
* * * LOW HITPOINT WARNING * * *
The 20-headed hydra bites you but does no damage.
The 20-headed hydra completely misses you.
You feel much better. The 20-headed hydra bites you!
* * * LOW HITPOINT WARNING * * *
The 20-headed hydra bites you but does no damage. x3
You block the 20-headed hydra's attack.
The 20-headed hydra bites you but does no damage. x2
You block the 20-headed hydra's attack.
The 20-headed hydra bites you but does no damage. x2
The 20-headed hydra bites you!
* * * LOW HITPOINT WARNING * * *
The 20-headed hydra bites you.
* * * LOW HITPOINT WARNING * * *
You block the 20-headed hydra's attack.
The 20-headed hydra bites you but does no damage. x2
The 20-headed hydra bites you!
* * * LOW HITPOINT WARNING * * *
The 20-headed hydra bites you.
* * * LOW HITPOINT WARNING * * *
The 20-headed hydra bites you but does no damage.
You block the 20-headed hydra's attack.
The 20-headed hydra bites you but does no damage.
Unknown command.
You feel much better. The 20-headed hydra bites you.
* * * LOW HITPOINT WARNING * * *
The 20-headed hydra bites you.
* * * LOW HITPOINT WARNING * * *
The 20-headed hydra bites you but does no damage. x5
The 20-headed hydra bites you.
* * * LOW HITPOINT WARNING * * *
The 20-headed hydra bites you.
* * * LOW HITPOINT WARNING * * *
The 20-headed hydra bites you but does no damage.
The 20-headed hydra bites you!
You die...
Your body crumbles into a pile of gold.

#.....##............)#. #....#
#.......................##...##
##.....................PP......#
#P......................P.....#.
#..........................#####
#.........................P #P
##..............$.......<. #.P
#P.....................## #..
###.##.........♣$...... .... ##
#.........D§...... .....
#.....|........... #.#...
......###........... ...#P.
......# ##.......... .......#
##......... ....... #.####....
..... ### ....


You could see a 20-headed hydra.

Vanquished Creatures
  A hydra (Lair:3)
  A catoblepas (Lair:2)
  3 two-headed ogres
  3 death yaks (Lair:4)
  A wizard (D:10)
  2 bog bodies (Lair:2)
  Pikel (D:6)
  A wolf spider (Lair:3)
  5 black mambas
  3 torpor snails (Lair:3)
  7 cane toads
  Psyche (D:8)
  3 kobold demonologists (D:10)
  A rime drake (Lair:3)
  7 komodo dragons
  A demonic crawler (Lair:3)
  2 trolls
  A polar bear (Lair:4)
  A hornet (D:9)
  Prince Ribbit (D:9)
  2 shadows (D:9)
  A vampire (D:10)
  A wraith (D:9)
  3 wyverns
  4 basilisks
  35 yaks
  2 steam dragons
  8 water moccasins
  A black bear (Lair:1)
  4 orc warriors
  2 ice beasts
  2 ogres
  5 wolves (Lair:4)
  7 centaurs
  2 phantoms
  A lemure (D:5)
  7 kobold brigands
  12 bullfrogs
  Blork the orc (D:6)
  10 scorpions
  2 gnoll sergeants
  3 necrophages
  3 wights (D:7)
  Dowan (D:6)
  15 killer bees
  4 howler monkeys
  2 electric eels (D:8)
  A crimson imp (D:10)
  5 jellies
  9 hounds
  4 orc priests
  Crazy Yiuf (D:3)
  A gnoll bouda (D:5)
  5 iguanas
  7 orc wizards
  Ijyb (D:4)
  A hell rat (Sewer)
  16 gnolls
  17 adders
  2 river rats (Sewer)
  A shadow imp (D:8)
  A white imp (D:6)
  2 ufetubi
  25 orcs
  6 endoplasms
  6 goblins
  7 hobgoblins
  8 jackals
  10 kobolds
  A quokka (D:2)
  6 ball pythons
  6 bats
  3 frilled lizards
  4 rats
  A bush (D:1)
343 creatures vanquished.

Vanquished Creatures (others)
  18 fungi
  39 plants
57 creatures vanquished.

Grand Total: 400 creatures vanquished

Notes
Turn   | Place    | Note
-------+----------+-------------------------------------------
     0 | D:1      | retardedninja the Hill Orc Fighter began the quest for the
                  | Orb.
     0 | D:1      | Reached XP level 1. HP: 19/19 MP: 1/1
   117 | D:1      | Reached skill level 3 in Axes
   117 | D:1      | Reached XP level 2. HP: 27/27 MP: 2/2
   393 | D:1      | Found a faded altar of an unknown god.
   819 | D:2      | Reached XP level 3. HP: 33/33 MP: 3/3
  1416 | D:2      | Reached XP level 4. HP: 31/40 MP: 4/4
  1880 | D:3      | Found a glowing drain.
  1894 | Sewer    | Entered a sewer
  1914 | Sewer    | Reached skill level 4 in Axes
  2355 | Sewer    | Reached XP level 5. HP: 33/47 MP: 5/5
  2697 | D:3      | Found a snail-covered altar of Cheibriados.
  2940 | D:3      | Found a runed translucent door.
  2941 | D:3      | Noticed Crazy Yiuf
  3303 | D:3      | Killed Crazy Yiuf
  3436 | D:4      | Reached XP level 6. HP: 44/55 MP: 6/6
  3440 | D:4      | Reached skill level 5 in Fighting
  3604 | D:4      | Found a shimmering blue altar of Sif Muna.
  3630 | D:4      | Found an ancient bone altar of Kikubaaqudgha.
  3656 | D:4      | Reached skill level 5 in Axes
  3827 | D:4      | Reached skill level 5 in Armour
  3855 | D:4      | Reached skill level 5 in Shields
  3855 | D:4      | Reached XP level 7. HP: 61/61 MP: 7/7
  4188 | D:5      | Entered Level 5 of the Dungeon
  4601 | D:5      | Noticed Ijyb
  4932 | D:4      | Killed Ijyb
  4979 | D:5      | Reached skill level 6 in Axes
  5845 | D:5      | Reached XP level 8. HP: 67/71 MP: 8/8
  6077 | D:5      | Found Vugiqol's Overcharged Wands.
  6425 | D:6      | Reached skill level 7 in Axes
  6427 | D:6      | HP: 2/71 [kobold brigand/+0 short sword (6)]
  6764 | D:6      | Noticed Blork the orc
  6765 | D:6      | Noticed Pikel
  7384 | D:6      | Killed Pikel
  7385 | D:6      | Reached XP level 9. HP: 58/79 MP: 9/9
  7389 | D:6      | Killed Blork the orc
  7595 | D:6      | Reached skill level 8 in Axes
  7653 | D:6      | Found Qaurph's Book Shoppe.
  8734 | D:6      | Noticed Dowan
  8736 | D:6      | Found a staircase to the Ecumenical Temple.
  8759 | D:6      | Killed Dowan
  8770 | Temple   | Entered the Ecumenical Temple
  9818 | D:7      | Reached skill level 9 in Axes
 10268 | D:7      | Found a radiant altar of Vehumet.
 10455 | D:7      | Found a large runed translucent door.
 10690 | D:7      | Reached XP level 10. HP: 60/91 MP: 10/10
 11141 | D:7      | Found a large runed translucent door.
 11604 | D:7      | Found a broken altar of Ashenzari.
 11621 | D:7      | Found an opulent altar of Gozag.
 11636 | D:7      | Became a worshipper of Gozag Ym Sagoz the Greedy
 11839 | D:8      | Found a staircase to the Lair.
 12315 | D:8      | Reached skill level 10 in Axes
 12573 | D:8      | Noticed Psyche
 12582 | D:8      | Killed Psyche
 13258 | D:8      | Reached skill level 12 in Axes
 13258 | D:8      | Reached skill level 10 in Armour
 13258 | D:8      | Reached skill level 10 in Shields
 13258 | D:8      | Reached XP level 11. HP: 102/102 MP: 11/11
 13436 | D:9      | Found a blossoming altar of Fedhas.
 13518 | D:9      | Found a glowing golden altar of the Shining One.
 13551 | D:9      | Reached skill level 13 in Axes
 13684 | D:9      | Noticed Prince Ribbit
 13712 | D:9      | Killed Prince Ribbit
 14107 | D:9      | Noticed a two-headed ogre
 14108 | D:9      | Reached XP level 12. HP: 74/111 MP: 12/12
 14112 | D:9      | Killed a two-headed ogre
 14421 | D:10     | Entered Level 10 of the Dungeon
 14936 | D:10     | Noticed a two-headed ogre
 14941 | D:10     | Killed a two-headed ogre
 15024 | D:10     | Reached skill level 14 in Axes
 15063 | D:10     | Noticed a two-headed ogre
 15070 | D:10     | Killed a two-headed ogre
 16591 | Lair:1   | Entered Level 1 of the Lair of Beasts
 17477 | Lair:2   | Found a staircase to the Swamp.
 17741 | Lair:2   | Reached skill level 15 in Axes
 17741 | Lair:2   | Reached XP level 13. HP: 109/122 MP: 13/13
 18871 | Lair:3   | Identified the +6 quarterstaff "Inuaj" {protect, Fly rElec
                  | rF++ Int-4}
 18922 | Lair:3   | Found a snail-covered altar of Cheibriados.
 19199 | Lair:3   | Found a hole to the Spider Nest.
 20661 | Lair:4   | Reached skill level 16 in Axes
 21069 | Lair:4   | HP: 3/186 [20-headed hydra (10)]
 21070 | Lair:4   | Mangled by a 20-headed hydra

Illustrated notes

Levels and vault maps discovered:
D:1:      dpeg_arrival_pits, layout_rooms,
          shapermc_ecumenical_altar_mp_urbaneastern, serial_forest,
          infiniplex_forest_clump_C, infiniplex_forest_clump_long,
          infiniplex_forest_straight_3, infiniplex_forest_corner_1,
          infiniplex_forest_corner_1, infiniplex_forest_end_1
D:2:      layout_loops_ring, nrook_loot_triangle
D:3:      layout_basic, lemuel_round_altar, cheibrodos_sewer_entry_sluice,
          serial_bayou_pond_c, minmay_fountain_box, uniq_crazy_yiuf_cottage
D:4:      layout_loops_cross, lemuel_crystal_altar, amcnicky_altar_gilded,
          minmay_surrounded
D:5:      layout_loops_ring, grunt_ministairs_13,
          nicolae_shop_overcharged_wands, uniq_ijyb
D:6:      layout_basic, minmay_temple_entry_statues_fountains, serial_shops,
          nicolae_shop_behind_doors, uniq_duvessa, uniq_pikel,
          uniq_blork_the_orc
D:7:      layout_layer_cave, jmf_multi_god_temple2, vehumet_crystals
D:8:      layout_layer_cave, erik_lair_island, uniq_psyche
D:9:      layout_roguey, mainiacjoe_overflow_catch_the_wave,
          kennysheep_kite_vault, uniq_prince_ribbit1
D:10:     layout_long_grid, lightli_wizard_tower
Temple:   nicolae_temple_bog_church
Lair:1:   layout_gridlike, chequers_serial_rivers_micro_e
Lair:2:   layout_regular_city, skrybe_swamp_entry_bodies,
          chequers_serial_rivers_large_a
Lair:3:   minmay_lair_venomous_thicket, layout_chaotic_city,
          nicolae_spider_entry_non_spiders, kennysheep_snail_temple
Lair:4:   layout_cave_pods

Skill      XL: |  1  2  3  4  5  6  7  8  9 10 11 12 13 |
---------------+----------------------------------------+-----
Axes           | 3 4 5 6 7 9 12 13 15 16 | 16.0
Fighting       | 4 5 6 7 9 11 13 14 | 14.1
Armour         | 4 5 7 8 10 12 13 | 13.1
Shields        | 4 5 7 8 10 12 13 | 13.0

Action                   |  1- 3 |  4- 6 |  7- 9 | 10-12 | 13-15 || total
-------------------------+-------+-------+-------+-------+-------++-------
Melee: War axe           |   179 |   148 |   345 |   392 |   183 ||  1247
       Unarmed           |       |       |       |     7 |       ||     7
  Use: Potion            |       |     4 |     7 |    11 |     4 ||    26
       Scroll            |       |       |    15 |    12 |     3 ||    30
 Stab: Distracted        |       |       |       |     2 |     2 ||     4
Armor: Scale mail        |    69 |    87 |    50 |       |       ||   206
       Chain mail        |       |       |   107 |       |       ||   107
       Plate armour      |       |       |    64 |   213 |    90 ||   367
       Skin              |       |       |       |     3 |    64 ||    67
Dodge: Dodged            |    70 |    71 |   128 |   117 |    47 ||   433
Block: Buckler           |    33 |    38 |    75 |   106 |    64 ||   316

Table legend: (Time is in decaauts)
 A = Elapsed time spent in this place.
 B = Non-inter-level travel time spent in this place.
 C = Inter-level travel time spent in this place.
 D = Time resting spent in this place.
 E = Time spent auto-exploring this place.
 F = Levels seen in this place.
 G = Mean time per level.
                   A        B        C        D        E       F      G
               +--------+--------+--------+--------+--------+-----+--------+
         Total |  21202 |  20620 |    582 |   7321 |  10679 |  16 | 1325.1 |
       Dungeon |  15775 |  15291 |    484 |   5527 |   7725 |  10 | 1577.5 |
        Temple |    247 |    234 |     13 |      0 |    208 |   1 |  247.0 |
          Lair |   4449 |   4364 |     85 |   1369 |   2510 |   4 | 1112.2 |
         Sewer |    730 |    730 |      0 |    425 |    233 |   1 |  730.0 |
               +--------+--------+--------+--------+--------+-----+--------+

Top non-repeatable levels by time:
     D:5: 2458 daAuts
     D:6: 2458 daAuts
     D:7: 2067 daAuts
    D:10: 1638 daAuts
     D:9: 1621 daAuts
     D:8: 1579 daAuts
     D:2: 1348 daAuts
  Lair:2: 1312 daAuts
  Lair:3: 1274 daAuts
     D:4: 1208 daAuts
  Lair:4: 1096 daAuts
     D:3: 788 daAuts
  Lair:1: 765 daAuts
   Sewer: 730 daAuts
     D:1: 606 daAuts
